 Dungeon Crawl Stone Soup version 0.30.1 (webtiles) character file.

Game seed: 11951468565769533040

9596 BiteMe the Thaumaturge (level 11, -19/69 HPs)
             Began as a Demonspawn Fire Elementalist on July 4, 2023.
             Was a Believer of Vehumet.
             Demolished by a six-headed hydra simulacrum (35 damage)
             ... on level 1 of the Lair of Beasts on July 5, 2023.
             The game lasted 02:15:58 (17288 turns).

BiteMe the Thaumaturge (DsFE)                      Turns: 17288, Time: 02:16:02

Health: -19/69     AC: 15    Str: 10    XL:     11   Next: 25%
Magic:  15/23      EV: 14    Int: 20    God:    Vehumet [**....]
Gold:   364        SH:  0    Dex: 13    Spells: 13/26 levels left

rFire   + . .        f - staff of conjuration
rCold   . . .        (no shield)
rNeg    . . .        Q - +0 steam dragon scales
rPois   .            g - +1 helmet
rElec   .            T - +0 cloak
rCorr   .            m - +0 pair of gloves
SInv    .            N - +1 pair of boots
Will    .....        c - amulet of the acrobat
Stlth   ++           u - ring of protection from fire
HPRegen 0.31/turn    (no ring)
MPRegen 0.18/turn

%: acrobat
@: very slightly contaminated
A: foul stench 1, spiny 3, sharp scales 2, demonic touch 1
a: Renounce Religion


You were on level 1 of the Lair of Beasts.
You worshipped Vehumet.
Vehumet was pleased with you.
You visited 3 branches of the dungeon, and saw 11 of its levels.
You also visited: Sewer and Ossuary.

You collected 546 gold pieces.
You spent 182 gold pieces at shops.

Inventory:

Hand Weapons
 a - a +2 great mace of protection
 s - a +2 scythe of venom
 y - a +2 short sword of venom
 B - a +2 mace of protection
 F - a +3 hand axe
 S - a +4 quarterstaff of chaos
 U - a +2 hammer of holy wrath
Armour
 g - a +1 helmet (worn)
 m - a +0 pair of gloves (worn)
 N - a +1 pair of boots (worn)
 Q - +0 steam dragon scales (worn)
 T - a +0 cloak (worn)
 Y - the +2 robe of Ziucrufuw {Rampage Int+3}
   (You found it on level 9 of the Dungeon)

   Int:       It affects your intelligence (+3).
   Rampage:   It bestows one free step when moving towards enemies.
Magical Staves
 f - a staff of conjuration (weapon)
Jewellery
 c - an amulet of the acrobat (around neck)
 d - an amulet of guardian spirit
 e - a ring of ice
 u - a ring of protection from fire (left hand)
 v - an amulet of magic regeneration
 z - a ring of ice
 L - an amulet of faith
Wands
 r - a wand of polymorph (25)
 w - a wand of paralysis (21)
 H - a wand of digging (3)
 J - a wand of flame (27)
 P - a wand of mindburst (6)
 X - a wand of roots (11)
 Z - a wand of quicksilver (19)
Scrolls
 i - 2 scrolls of fog
 k - 4 scrolls of enchant weapon
 q - a scroll of silence
 x - 4 scrolls of teleportation
 A - 2 scrolls of blinking
 D - a scroll of enchant armour
 E - a scroll of magic mapping
 G - 3 scrolls of poison
 K - a scroll of summoning {unknown}
 M - 4 scrolls of immolation
 R - a scroll of torment {unknown}
Potions
 b - 2 potions of magic
 h - 8 potions of curing
 j - 4 potions of might {unknown}
 l - 3 potions of attraction {unknown}
 n - 4 potions of lignification {unknown}
 o - 4 potions of haste
 p - 3 potions of resistance
 t - a potion of berserk rage {unknown}
 C - 2 potions of heal wounds
 I - 4 potions of degeneration {unknown}
 O - a potion of flight {unknown}
 V - 2 potions of brilliance


   Skills:
 + Level 0.7 Fighting
 * Level 1.9 Staves
 - Level 5.3 Armour
 * Level 6.3 Dodging
 - Level 1.7 Stealth
 + Level 8.3 Spellcasting
 * Level 7.0 Conjurations
 - Level 1.2 Translocations
 + Level 7.8 Fire Magic
 * Level 5.9 Evocations


You had 13 spell levels left.
You knew the following spells:

 Your Spells              Type           Power      Damage    Failure   Level
a - Foxfire               Conj/Fire      100%       2x1d9     1%          1
b - Scorch                Fire           78%        2d8       1%          2
c - Inner Flame           Hex/Fire       24%        N/A       4%          3
d - Volatile Blastmotes   Fire/Tloc      52%        2d14      3%          3
e - Flame Wave            Conj/Fire      54%        2d13      3%          4

Your spell library contained the following spells:

 Spells                   Type           Power      Damage    Failure   Level
 Ignite Poison            Fire/Tmut/Pois 18%        N/A       9%          3
 Stone Arrow              Conj/Erth      66%        3d11      6%          3
 Sandblast                Erth           16%        2d6       9%          1
 Summon Small Mammal      Summ           32%        N/A       9%          1
 Ensorcelled Hibernation  Hex/Ice        16%        N/A       12%         2
 Passwall                 Tmut/Erth      6%         N/A       12%         2
 Iskenderun's Mystic Bla  Conj/Tloc      37%        2d9       16%         4
 Fulminant Prism          Conj/Hex       16%        3d10      19%         4
 Call Canine Familiar     Summ           8%         N/A       24%         3
 Summon Guardian Golem    Hex/Summ       8%         N/A       24%         3
 Swiftness                Air            8%         N/A       24%         3
 Animate Armour           Summ/Erth      16%        N/A       63%         4
 Lee's Rapid Deconstruct  Erth           4%         3d5*      92%         5
 Yara's Violent Unravell  Hex/Tmut       4%         3d4       92%         5
 Enfeeble                 Hex            4%         N/A       100%        7
 Lehudib's Crystal Spear  Conj/Erth      16%        10d5      100%        8


Dungeon Overview and Level Annotations

Branches:
Dungeon (9/15)             Temple (1/1) D:7            Lair (1/5) D:8
    Orc (0/2) D:9           Sewer (visited)         Ossuary (visited)

Altars:
Dithmenos
Hepliaklqana
Makhleb
Nemelex Xobeh
Okawaru
Qazlal
Sif Muna
Vehumet
Wu Jian
Xom

Shops:
D:6 !   D:8 =

Annotations:
D:6 Pikel
Lair:1 1 transporter


Innate Abilities, Weirdness & Mutations

You may rarely emit foul miasma when damaged in melee.
You are completely covered in sharp spines.
You are mostly covered in razor-sharp scales. (AC +2, Slay +2)
Your touch may inflict minor irresistible damage on your foes.


Message History

You hit the plant.
The plant begins to die.
You blast the plant!
You touch the plant!
The plant is lightly damaged.
You hit the plant but do no damage.
You blast the plant.
The plant is lightly damaged.
You hit the plant.
You blast the plant.
The plant is lightly damaged.
You hit the plant.
You blast the plant!
You touch the plant!
The plant is moderately damaged.
A nearby plant withers and dies.
A - 2 scrolls of blinking (gained 1)
Found 2 potions of resistance.
Found a potion of haste.
Unknown command.
There is a transporter here.
o - 4 potions of haste (gained 1)
There is a transporter here.
You enter the transporter and appear at another place.
p - 3 potions of resistance (gained 2)
Casting: Scorch (safe; 1% risk of failure)
Confirm with . or Enter, or press ? or * to list all spells.
A cloud of volatile blastmotes flares up around you!
Casting: Volatile Blastmotes (dangerous; 3% risk of failure)
Confirm with . or Enter, or press ? or * to list all spells.
A cloud of volatile blastmotes flares up around you!
As you open the gate, it creaks loudly!
Casting: Volatile Blastmotes (dangerous; 3% risk of failure)
Confirm with . or Enter, or press ? or * to list all spells.
You miscast Volatile Blastmotes.
You are very lightly contaminated with residual magic.
Nothing appears to happen.
The six-headed hydra simulacrum is struck by your spines.
The six-headed hydra simulacrum bites you!
The six-headed hydra simulacrum freezes you!!
Ouch! That really hurt!
The six-headed hydra simulacrum bites you!
* * * LOW HITPOINT WARNING * * *
The six-headed hydra simulacrum freezes you!!
Ouch! That really hurt!
You die...

.#######.....#........#...## ♣.
..............+######.#....####♣♣
...............................♣P
.................#######.......♣.
..........########.○.○○#...####♣.
..........#○○.°☼°#Z○.☼○#...# ♣♣
..........#.°○.○○#☼○○°○#...# ♣P
PP........#○○#.#§☼ZZ○[[#...####♣♣
PP.......©#☼☼©..@Z○Z°=©#©......♣♣
.P........#○○#.#§Z.○Z([#....###.♣
.P........#.○☼.°°#○○°°○#...## #..
PP........#○○.☼○°#.○☼○☼#...# #.#
PP........########.○.☼☼#...# #.#
PP...............#######...## ..#
PP..........................###.#
P................................
...........................PP....


You could see a water moccasin simulacrum, an anaconda simulacrum, a six-headed
hydra simulacrum, a four-headed hydra simulacrum, a dire elephant simulacrum, a
cane toad simulacrum and a rime drake simulacrum.

Vanquished Creatures
  3 two-headed ogres (D:9)
  A black mamba (Lair:1)
  The ghost of sigtrap the Skirmisher, a novice SpHu of Gozag (D:6)
  A troll (D:7)
  A merfolk (D:9)
  Sigmund (D:2)
  2 shadows (D:9)
  5 yaks
  3 wraiths
  A steam dragon (D:9)
  Menkaure (D:4)
  2 water moccasins (Lair:1)
  A sky beast (D:7)
  5 black bears
  An orc warrior (D:9)
  2 ice beasts
  2 centaurs
  2 phantoms
  9 kobold brigands
  Blork the orc (D:5)
  5 bullfrogs
  3 scorpions
  3 troll zombies (D:9)
  12 killer bees
  11 howler monkeys
  An electric eel (Lair:1)
  A human zombie (Ossuary)
  2 hounds
  7 orc priests
  2 jellies
  Crazy Yiuf (D:6)
  A gnoll bouda (D:5)
  8 iguanas
  8 orc wizards
  Natasha (thrice) (D:2)
  A hell rat (Sewer)
  3 ogre zombies (D:9)
  3 mummies (Ossuary)
  6 adders
  5 gnolls (D:5)
  2 river rats
  3 shadow imps
  A white imp (D:5)
  2 ufetubi (D:7)
  4 worms
  3 dart slugs
  33 orcs
  3 ball pythons
  6 endoplasms
  5 giant cockroaches
  2 gnoll zombies (Ossuary)
  5 hobgoblins
  3 jackals (D:2)
  3 quokkas
  4 bats (D:1)
  3 frilled lizards
  4 goblins
  7 goblin zombies
  7 hobgoblin zombies
  21 kobolds
  2 kobold zombies (Ossuary)
  3 orc skeletons (D:9)
  8 orc zombies (D:9)
  11 rats
276 creatures vanquished.

Vanquished Creatures (others)
  645 foxfires
645 creatures vanquished.

Grand Total: 921 creatures vanquished

Notes
Turn   | Place    | Note
-------+----------+-------------------------------------------
     0 | D:1      | BiteMe the Demonspawn Fire Elementalist began the quest for
                  | the Orb.
     0 | D:1      | Reached XP level 1. HP: 13/13 MP: 3/3
   343 | D:2      | Gained mutation: You are partially covered in sharp spines.
                  | [demonic ancestry]
   343 | D:2      | Reached XP level 2. HP: 19/19 MP: 0/5
  1507 | D:2      | Noticed Sigmund
  1730 | D:1      | Gained mutation: You are partially covered in razor-sharp
                  | scales. (AC +1, Slay +1) [demonic ancestry]
  1730 | D:1      | Reached XP level 3. HP: 23/24 MP: 4/6
  1733 | D:1      | Learned a level 2 spell: Scorch
  2517 | D:2      | Found a sparkling altar of Nemelex Xobeh.
  2520 | D:2      | Reached skill level 1 in Armour
  2713 | D:2      | Killed Sigmund
  2714 | D:2      | Reached skill level 1 in Evocations
  2714 | D:2      | Gained mutation: You may rarely emit foul miasma when
                  | damaged in melee. [demonic ancestry]
  2714 | D:2      | Reached XP level 4. HP: 30/30 MP: 0/8
  2714 | D:2      | Gained mutation: Your touch may inflict minor irresistible
                  | damage on your foes. [demonic ancestry]
  2714 | D:2      | Reached XP level 5. HP: 35/35 MP: 0/9
  2715 | D:2      | Noticed Natasha
  3237 | D:2      | Killed Natasha
  3338 | D:2      | Noticed Natasha
  3342 | D:2      | Killed Natasha
  3348 | D:2      | Noticed Natasha
  3353 | D:2      | Killed Natasha
  3354 | D:2      | Reached XP level 6. HP: 41/41 MP: 0/10
  3788 | D:5      | Entered Level 5 of the Dungeon
  3804 | D:5      | Noticed an ice beast
  3923 | D:3      | Reached skill level 3 in Spellcasting
  5150 | D:4      | Noticed Menkaure
  5154 | D:4      | Killed Menkaure
  5155 | D:4      | Gained mutation: You are mostly covered in sharp spines.
                  | [demonic ancestry]
  5155 | D:4      | Reached XP level 7. HP: 46/46 MP: 6/12
  6132 | D:5      | Reached XP level 8. HP: 52/52 MP: 1/13
  6584 | D:5      | Noticed Blork the orc
  6592 | D:5      | Killed Blork the orc
  6593 | D:5      | Reached skill level 4 in Spellcasting
  6593 | D:5      | Reached skill level 5 in Conjurations
  7021 | D:6      | Found a shimmering blue altar of Sif Muna.
  7108 | D:6      | Found a runed translucent gate.
  7113 | D:6      | Found Pagity's Distillery.
  7148 | D:6      | Reached skill level 5 in Fire Magic
  7214 | D:6      | Found a glowing drain.
  7222 | Sewer    | Entered a sewer
  7885 | D:6      | Reached skill level 5 in Spellcasting
  8001 | D:6      | Found a runed translucent gate.
  8057 | D:6      | Found a runed translucent gate.
  8058 | D:6      | Noticed a kobold demonologist
  8060 | D:6      | Noticed sigtrap's ghost (novice SpHu)
  8187 | D:6      | Noticed Pikel
  8190 | D:6      | Found a sparkling altar of Nemelex Xobeh.
  8432 | D:6      | Learned a level 3 spell: Inner Flame
  8436 | D:6      | Learned a level 3 spell: Volatile Blastmotes
  8441 | D:6      | Learned a level 4 spell: Flame Wave
  8627 | D:6      | Found a runed translucent door.
  8627 | D:6      | Noticed Crazy Yiuf
  8635 | D:6      | Killed Crazy Yiuf
  8636 | D:6      | Gained mutation: You are mostly covered in razor-sharp
                  | scales. (AC +2, Slay +2) [demonic ancestry]
  8636 | D:6      | Reached XP level 9. HP: 49/57 MP: 8/16
  8695 | D:6      | Bought a potion of brilliance for 52 gold pieces
  8695 | D:6      | Bought a potion of heal wounds for 65 gold pieces
  8695 | D:6      | Bought a potion of heal wounds for 65 gold pieces
  8848 | D:7      | Noticed a troll
  8854 | D:7      | Killed a troll
  8970 | D:7      | Found a sand-covered staircase.
  8977 | Ossuary  | Entered an ossuary
  9682 | Ossuary  | Reached skill level 6 in Spellcasting
 10226 | D:7      | Reached skill level 5 in Dodging
 11258 | D:6      | Killed sigtrap's ghost
 11266 | D:6      | Gained mutation: You are completely covered in sharp
                  | spines. [demonic ancestry]
 11266 | D:6      | Reached XP level 10. HP: 34/64 MP: 2/20
 11876 | D:7      | Reached skill level 7 in Spellcasting
 11878 | D:7      | Found a staircase to the Ecumenical Temple.
 11901 | Temple   | Entered the Ecumenical Temple
 11909 | Temple   | Became a worshipper of Vehumet
 12655 | D:8      | Reached * piety under Vehumet
 12655 | D:8      | Offered knowledge of Magic Dart by Vehumet.
 13429 | D:8      | Found Wugeom's Jewellery Shoppe.
 13525 | D:8      | Found a staircase to the Lair.
 13983 | D:9      | Noticed a two-headed ogre
 13990 | D:9      | Killed a two-headed ogre
 13991 | D:9      | Reached skill level 5 in Armour
 13991 | D:9      | Reached skill level 1 in Translocations
 14264 | D:9      | Noticed a two-headed ogre
 14273 | D:9      | Killed a two-headed ogre
 14274 | D:9      | Reached skill level 5 in Evocations
 14720 | D:9      | Noticed a two-headed ogre
 14734 | D:9      | Killed a two-headed ogre
 14735 | D:9      | Reached skill level 1 in Staves
 14841 | D:9      | Reached skill level 8 in Spellcasting
 15059 | D:9      | Reached XP level 11. HP: 62/69 MP: 23/23
 15061 | D:9      | Reached ** piety under Vehumet
 15061 | D:9      | Offered knowledge of Shock by Vehumet.
 15241 | D:9      | Found a staircase to the Orcish Mines.
 15365 | D:9      | Identified the +2 robe of Ziucrufuw {Rampage Int+3}
 15975 | Lair:1   | Entered Level 1 of the Lair of Beasts
 16130 | Lair:1   | Offered knowledge of Ignite Poison by Vehumet.
 16624 | Lair:1   | Found a transporter.
 17040 | Lair:1   | Found a transporter.
 17288 | Lair:1   | Demolished by a six-headed hydra simulacrum

Illustrated notes

Levels and vault maps discovered:
D:1:      eino_arrival_water_cross, layout_loops_ring
D:2:      layout_rooms, basic_altar, uniq_sigmund, uniq_natasha
D:3:      layout_basic, palyth_stone_intersect
D:4:      layout_gridville, uniq_menkaure
D:5:      layout_cave_pools, serial_shops, kennysheep_mini_moat,
          uniq_blork_the_orc
D:6:      layout_loops_ring, mainiacjoe_overflow_concentric_impassable,
          mainiacjoe_overflow_24_doors, serial_shops, shop,
          gammafunk_ghost_nasty_kobolds, lightli_sewer_entry_pipes, uniq_pikel,
          uniq_crazy_yiuf_cottage
D:7:      layout_cave_pods, minmay_temple_entry_butterflies, enter_ossuary_4,
          kennysheep_generic_room_14
D:8:      layout_basic, lair_entry_dummy, minmay_shop_enchanted_jewellery
D:9:      layout_roguey, zombieorc1_lemuel, hangedman_fish_farm
Temple:   nicolae_temple_bog_church
Lair:1:   gammafunk_cloud_chamber, layout_regular_city, serial_forest,
          infiniplex_forest_zigzag_1, infiniplex_forest_straight_2,
          infiniplex_forest_end_1, infiniplex_forest_diagonal,
          infiniplex_forest_lined_room_, infiniplex_forest_lined_room_2,
          infiniplex_forest_zigzag_1, infiniplex_forest_lined_3_way,
          gammafunk_lair_bear_cave, lemuel_fruit_tree

Skill      XL: |  1  2  3  4  5  6  7  8  9 10 11 |
---------------+----------------------------------+-----
Fire Magic     | 3 4 5 6 7 |  7.8
Dodging        | 2 3 4 5 6 |  6.3
Armour         | 1 2 3 4 5 |  5.3
Conjurations   | 2 3 4 5 6 7 |  7.0
Evocations     | 1 2 3 4 5 |  5.9
Spellcasting   | 3 5 6 8 |  8.3
Translocations | 1 |  1.2
Staves         | 1 |  1.9
Fighting       | |  0.7
Stealth        | |  1.7

Action                     |  1- 3 |  4- 6 |  7- 9 | 10-12 || total
---------------------------+-------+-------+-------+-------++-------
  Melee: Staff             |    12 |     1 |    19 |    67 ||    99
         Touch             |       |       |     2 |    25 ||    27
         Unarmed           |       |       |     4 |       ||     4
   Cast: Foxfire           |    61 |    52 |   144 |   119 ||   376
         Scorch            |       |     3 |    80 |    84 ||   167
         Volatile Blastmot |       |       |    14 |    19 ||    33
         Flame Wave        |       |       |     1 |       ||     1
         Inner Flame       |       |       |       |     1 ||     1
  Evoke: Wand              |       |       |       |     2 ||     2
    Use: Potion            |       |       |     7 |     2 ||     9
         Scroll            |       |       |    17 |     5 ||    22
   Stab: Sleeping          |     1 |       |       |       ||     1
         Distracted        |       |       |       |     1 ||     1
 Armour: Robe              |     2 |     3 |    22 |     4 ||    31
         Steam dragon scal |       |       |       |    28 ||    28
  Dodge: Dodged            |    14 |     8 |    66 |    65 ||   153
